 Dungeon Crawl Stone Soup version 0.30.1-11-g7821555f0a (webtiles) character file.

Game seed: 8564368711841105885

48 lonewolfV2 the Shield-Bearer (level 4, -1/38 HPs)
             Began as a Formicid Fighter on Nov 14, 2023.
             Slain by Crazy Yiuf
             ... wielding a +3 quarterstaff of chaos
              (18 damage)
             ... on level 2 of the Dungeon.
             The game lasted 00:01:57 (1628 turns).

lonewolfV2 the Shield-Bearer (Formicid Fighter)     Turns: 1628, Time: 00:01:58

Health: -1/38      AC:  6    Str: 22    XL:     4   Next: 0%
Magic:  4/4        EV:  9    Int:  8    God:
Gold:   108        SH:  5    Dex: 13    Spells: 3/3 levels left

rFire   . . .        a - +0 war axe
rCold   . . .        c - +0 buckler
rNeg    . . .        b - +0 scale mail
rPois   .            (helmet unavailable)
rElec   .            (no cloak)
rCorr   .            (no gloves)
SInv    +            (no boots)
Will    .....        (no amulet) Stlth
                     (no ring)
HPRegen 0.26/turn    (no ring)
MPRegen 0.09/turn

%: no passive effects
@: no status effects
A: permanent stasis, dig shafts and tunnels, antennae 3, four strong arms
a: Dig, Shaft Self


You were on level 2 of the Dungeon.
You visited 1 branch of the dungeon, and saw 2 of its levels.

You collected 108 gold pieces.

Inventory:

Hand Weapons
 a - a +0 war axe (weapon)
Armour
 b - a +0 scale mail (worn)
 c - a +0 buckler (worn)
Jewellery
 e - an amulet of faith
Scrolls
 h - 2 scrolls of fear {unknown}
 j - a scroll of silence {unknown}
 o - a scroll of enchant weapon {unknown}
Potions
 d - 3 potions of might
 f - a potion of invisibility {unknown}
 g - a potion of curing {unknown}
 i - a potion of brilliance
 k - a potion of magic {unknown}
 l - a potion of haste {unknown}
 m - a potion of resistance {unknown}
 n - a potion of berserk rage {unknown}


   Skills:
 * Level 4.5 Fighting
 - Level 2.0 Axes
 - Level 3.2 Armour
 + Level 4.8 Shields


You had 3 spell levels left.
You didn't know any spells.
Your spell library contained the following spells:

 Spells                   Type           Power      Damage    Failure   Level
 Kiss of Death            Conj/Necr      0%         2d5       80%         1
 Confusing Touch          Hex            0%         N/A       99%         3
 Dispel Undead            Necr           0%         3d6       100%        4
 Arcjolt                  Conj/Air       0%         1d10      100%        5
 Plasma Beam              Fire/Air       0%         2x1d11    100%        6
 Vhi's Electric Charge    Tloc/Air       Unusable   N/A       N/A         3

Dungeon Overview and Level Annotations

Branches:
Dungeon (2/15)

Altars:
Uskayaw

Annotations:
D:2 Crazy Yiuf


Innate Abilities, Weirdness & Mutations

You cannot be hasted, slowed, berserked, paralysed or teleported.
You can dig through walls and to a lower floor.
You have a pair of large antennae on your head. (SInv)
Your four strong arms can wield two-handed weapons with a shield.


Message History

l - a metallic green potion
Found a ring mail.
You pick up a book of Touch and begin reading...
You add the spells Kiss of Death, Confusing Touch and Dispel Undead to your library.
Found a pair of gloves.
n - a golden potion
Found an escape hatch in the ceiling.
Found a stone staircase leading up.
Found a stone staircase leading down.
o - a scroll labelled NUUPLE ENOTZ
Found a hammer.
Found a runed translucent door.
Crazy Yiuf shouts!
You sense a monster nearby.
Crazy Yiuf says, "Cake!"
h - 2 scrolls labelled TUDUZY DUHASIFU (gained 1)
Found a leather armour.
You see here a +0 leather armour.
Things that are here:
a +0 club; a goblin skeleton Uskayaw booms out: "Revellers, it's time to dance!"
Found a stone staircase leading up.
There is a stone staircase leading up here.
You now have 108 gold pieces (gained 5).
You see here a +0 leather armour.
Crazy Yiuf shouts!
Could not explore, unopened runed door.
Could not explore, unopened runed door.
Could not explore, unopened runed door.
Could not explore, unopened runed door.
You open the door. You hit Crazy Yiuf.
Crazy Yiuf is moderately wounded.
You block Crazy Yiuf's attack.
Crazy Yiuf hits you with a +3 quarterstaff of chaos.
Crazy Yiuf burns you.
You slash Crazy Yiuf!
Crazy Yiuf is almost dead.
Crazy Yiuf hits you with a +3 quarterstaff of chaos!
You are electrocuted!!
You die...

##..##
#.#.....###.
#....#
#.#.......##
#PPP.#
###.....#..#
##P..#
########..
##.## ###
##.# #.##
##.# ####
#@## ###...
#g# #.....
... #..###
#...# ####
#)..# #####


You could see Crazy Yiuf.

Vanquished Creatures
  2 adders (D:2)
  A dart slug (D:2)
  A ball python (D:1)
  3 bats
  2 endoplasms (D:2)
  A goblin (D:2)
  4 hobgoblins
  2 jackals (D:1)
  2 frilled lizards (D:1)
  A kobold (D:1)
  11 rats
30 creatures vanquished.

Notes
Turn   | Place    | Note
-------+----------+-------------------------------------------
     0 | D:1      | lonewolfV2 the Formicid Fighter began the quest for the
                  | Orb.
     0 | D:1      | Reached XP level 1. HP: 18/18 MP: 1/1
    84 | D:1      | Found a faded altar of an unknown god.
   105 | D:1      | Prayed at the altar of an unknown god.
   105 | D:1      | Became a worshipper of Uskayaw the Reveller
   105 | D:1      | Reached * piety under Uskayaw
   106 | D:1      | Fell from the grace of Uskayaw
   261 | D:1      | Reached XP level 2. HP: 25/25 MP: 2/2
   998 | D:2      | Reached XP level 3. HP: 21/30 MP: 3/3
  1299 | D:2      | Reached XP level 4. HP: 38/38 MP: 4/4
  1428 | D:2      | Found a runed translucent door.
  1429 | D:2      | Noticed Crazy Yiuf
  1628 | D:2      | Slain by Crazy Yiuf

Illustrated notes

Levels and vault maps discovered:
D:1:      amcnicky_arrival_wind_blow, layout_basic,
          hellmonk_ecumenical_altar_lost_god, serial_corexii_hall,
          corexii_hall_statues_t, corexii_hall_statues_l
D:2:      layout_rooms, uniq_crazy_yiuf_cottage

Skill      XL: |  1  2 |
---------------+-------+-----
Fighting       | 4 |  4.5
Axes           | |  2.0
Armour         | |  3.2
Shields        | |  4.8

Action                     |  1- 3 |  4- 6 || total
---------------------------+-------+-------++-------
  Melee: War axe           |    99 |     2 ||   101
 Invoke: Renounce Religion |     1 |       ||     1
    Use: Scroll            |     6 |       ||     6
 Armour: Scale mail        |    58 |       ||    58
  Dodge: Dodged            |    71 |       ||    71
  Block: Buckler           |    38 |     1 ||    39
